 Dungeon Sprint DCSS version 0.02-122-g12e50fee3c (webtiles) character file.

Game seed: 8670033980046554927, levelgen mode: deterministic

10822 lorenzova the Sorcerer (level 11, -3/54 HPs) Deep Elf Fire Elementalist. Began on Oct 6, 2020. Was the Champion of Vehumet. Killed from afar by a deep elf annihilator (29 damage) ... with an iron shot ... in the Dungeon (Sprint III: "The Ten Rune Challenge"). The game lasted 00:09:07 (1616 turns).

lorenzova the Sorcerer (Deep Elf Fire Elementalist) Turns: 1616, Time: 00:09:08

Health: -3/54      AC:  2    Str:  5    XL:     11 ^: 6388
Magic:  31/40      EV: 13    Int: 29    God:    Vehumet [6* [200]]
Gold:   925        SH:  9    Dex: 15    Spells: 35/56 levels left

rFire    . . .     Vision   .   o - +1 long sword (holy)
rCold    . . .     Gourm    .   (no weapon)
rNeg     . . .     Faith    .   a - +0 robe
rPois    .         Spirit   .   (no helmet)
rElec    .         Reflect  +   (no cloak)
rCorr    .         Harm     .   (no gloves)
MR       +....     NoTele   +   (no boots)
Stlth    ++........             r - amulet of reflection
HPRegen  0.28/turn              s - ring of intelligence
MPRegen  0.50/turn              (no ring)

@: no status effects
A: large bone plates 1, wild magic 1
a: Renounce Religion


You were in the Dungeon.
You worshipped Vehumet.
Vehumet was exalted by your worship.
You were very hungry.

You visited 1 branch You collected 1749 gold pieces.
You spent 824 gold pieces at shops.

Inventory:

Weapons
 o - a +1 long sword of holy wrath (weapon)
Armour
 a - a +0 robe (worn)
Jewellery
 r - an amulet of reflection (around neck)
 s - a ring of intelligence (left hand)
Wands
 p - a wand of hasting (8)
Scrolls
 b - 2 scrolls of enchantment
 i - a scroll of blinking
 j - 2 scrolls of bless item
 k - a scroll of fog
Potions
 d - 2 potions of curing
 e - a potion of heal wounds
 f - 2 potions of haste
 g - 2 potions of magic
 h - a potion of berserk rage
 l - 2 potions of might
 m - a potion of resistance
 n - 2 potions of mutation
Miscellaneous
 q - a box of beasts
Comestibles
 c - 4 rations


   Skills:
 - Level 2.4 Dodging
 - Level 2.4 Stealth
 + Level 23.3 Spellcasting
 + Level 20.4 Fire Magic


You had 35 spell levels left.
You knew the following spells:

 Your Spells              Type           Power        Failure   Level  Hunger
a - Foxfire               Fire           25 (25)      1%          1    None
b - Searing Ray           Fire           50 (50)      1%          2    None
c - Conjure Flame         Fire           100 (100)    1%          3    None
d - Sticky Flame          Fire/Pois      88 (100)     1%          4    None
e - Muse Oam's Air Blast  Tloc/Air       43 (100)     4%          4    None
f - Fireball              Fire           115 (200)    1%          5    None
p - Blink                 Tloc           N/A          2%          2    None

Your spell library contained the following spells:

 Spells                   Type           Power        Failure   Level  Hunger
 Animate Skeleton         Necr           N/A          1%          1    None
 Confusing Touch          Hex            43 (50)      1%          1    None
 Flame Tongue             Fire           40 (40)      1%          1    None
 Sandblast                Erth           43 (50)      1%          1    None
 Shock                    Air            25 (25)      1%          1    None
 Summon Small Mammal      Summ           25 (25)      1%          1    None
 Inner Flame              Hex/Fire       88 (100)     1%          3    None
 Static Discharge         Air            43 (100)     1%          3    None
 Stone Arrow              Erth           43 (50)      1%          3    None
 Starburst                Fire           115 (200)    1%          6    None
 Call Imp                 Summ           43 (100)     2%          2    None
 Slow                     Hex            43 (100)     2%          2    None
 Mephitic Cloud           Pois/Air       43 (100)     4%          3    None
 Force Lasso              Tloc/Erth      43 (200)     4%          4    None
 Ozocubu's Refrigeration  Ice            43 (200)     41%         6    None


Dungeon Overview and Level Annotations

Branches:
Dungeon (1/1)

Altars:
Cheibriados
Dithmenos
Elyvilon
Fedhas Madash
Gozag Ym Sagoz
Hepliaklqana
Kikubaaqudgha
Makhleb
Nemelex Xobeh
Okawaru
Qazlal
Ru
Sif Muna
Trog
Uskayaw
Vehumet
Wu Jian
Xom
Yredelemnul
Zin
The Shining One
Beogh
Jiyva
Lugonu

Shops:
D =


Innate Abilities, Weirdness & Mutations

You are partially covered in large bone plates. (SH +4)
Your spells are a little harder to cast, but a little more powerful.


Message History

The fireball explodes!
The fireball engulfs the deep elf annihilator (14)!
The deep elf annihilator resists.
The deep elf annihilator is moderately wounded. (52/66) HP The deep elf annihilator gestures at you while chanting.
The bolt of lightning hits you (28)!!
Ouch! That really hurt!
Casting: Fireball (safe; 1% risk of failure)
Confirm with . or Enter, or press ? or * to list all spells.
Aiming: Fireball (safe; 1% risk of failure)
Press: ? - help, Shift-Dir - straight line, f/p - deep elf annihilator
Aim: a deep elf annihilator, wielding a +2 vampiric dagger and wearing a +2 robe of resistance (lightly wounded (54/66))
The fireball explodes!
The fireball engulfs the deep elf annihilator (11)!
The deep elf annihilator resists.
The deep elf annihilator is moderately wounded. (43/66) HP The deep elf annihilator casts a spell at you.
The iron shot hits you (29)!!
Ouch! That really hurt!
You die...

▓▓▓ ####.## ##########
### #.∩##.###..'.#...#
e...
#.))†.....##.#...##§§§§#
#.)[[....###.#...≈≈≈.)[.
#).......# #.#).@##≈≈≈≈#
#.###.##.# #..)).# .)[.
#.# ####.# ####### ###
#'#####################
#..).#.#.#)....#.^....+
##.#..#.##.###.#......#
)##.#.#.##.#..##.^.^..#
#.).#..#..##...)......#
▓▓▓▓▓▓▓▓▓▓▓▓▓▓#).^^.^.#


You could see a deep elf annihilator.

Vanquished Creatures
  A deep elf blademaster (D)
  A deep elf annihilator (D)
  A deep elf demonologist (D)
  2 deep elf death magi (D)
  Erolcha (D)
  An orc high priest (D)
  A deep elf knight (D)
  6 deep elf magi (D)
  A shadow (D)
  2 redbacks (D)
  A spatial vortex (D)
  A necrophage (D)
  2 orc warriors (D)
  5 two-headed ogres (D)
  A water elemental (D)
  A scorpion (D)
  2 orc priests (D)
  A jelly (D)
  3 orc wizards (D)
  A necromancer (D)
  A wizard (D)
  3 humans (D)
  A kobold demonologist (D)
  A dart slug (D)
  8 orcs (D)
  A goblin (D)
  4 rats (D)
  2 crawling corpses (D)
56 creatures vanquished.

Vanquished Creatures (others)
  2 draconian scorchers (D)
  6 hellions (D)
  2 yaktaurs (D)
  34 foxfires (D)
  3 plants (D)
47 creatures vanquished.

Grand Total: 103 creatures vanquished

Notes
Turn   | Place    | Note
-------+----------+-------------------------------------------
     0 | D        | lorenzova the Deep Elf Fire Elementalist began the quest
                  | for the Orb.
     0 | D        | Reached XP level 1. HP: 10/10 MP: 6/6
    38 | D        | Reached skill level 4 in Spellcasting
    78 | D        | Reached skill level 5 in Spellcasting
    78 | D        | Reached skill level 5 in Fire Magic
    78 | D        | Reached XP level 2. HP: 10/15 MP: 1/10
   104 | D        | Killed a hellion
   105 | D        | Killed a hellion
   106 | D        | Killed a hellion
   106 | D        | Killed a hellion
   111 | D        | Learned a level 2 spell: Searing Ray
   126 | D        | Killed a hellion
   136 | D        | Noticed a scorpion
   143 | D        | Killed a scorpion
   143 | D        | Reached skill level 7 in Spellcasting
   143 | D        | Reached XP level 3. HP: 19/19 MP: 9/14
   143 | D        | Reached XP level 4. HP: 24/24 MP: 9/15
   150 | D        | Killed a hellion
   170 | D        | Learned a level 3 spell: Conjure Flame
   175 | D        | Learned a level 4 spell: Sticky Flame
   176 | D        | Killed a white draconian scorcher
   190 | D        | Killed a yaktaur
   216 | D        | Gained mutation: Your spells are a little harder to cast,
                  | but a little more powerful. [potion of mutation]
   216 | D        | Gained mutation: You are partially covered in large bone
                  | plates. (SH +4) [potion of mutation]
   238 | D        | Reached skill level 9 in Spellcasting
   262 | D        | Killed a white draconian scorcher
   273 | D        | Found a radiant altar of Vehumet.
   273 | D        | Found a shimmering blue altar of Sif Muna.
   273 | D        | Found an ancient bone altar of Kikubaaqudgha.
   319 | D        | Reached XP level 5. HP: 28/28 MP: 10/19
   357 | D        | Learned a level 5 spell: Fireball
   369 | D        | Reached skill level 10 in Spellcasting
   406 | D        | Learned a level 2 spell: Blink
   407 | D        | Became a worshipper of Vehumet
   415 | D        | Found a glowing silver altar of Zin.
   415 | D        | Found a glowing golden altar of the Shining One.
   415 | D        | Found a white marble altar of Elyvilon.
   417 | D        | Noticed a deep elf mage
   420 | D        | Killed a deep elf mage
   420 | D        | Reached skill level 14 in Spellcasting
   420 | D        | Reached XP level 6. HP: 32/32 MP: 2/25
   420 | D        | Reached XP level 7. HP: 36/36 MP: 2/26
   494 | D        | Found a hide-covered altar of Uskayaw.
   494 | D        | Found a roughly hewn altar of Beogh.
   494 | D        | Found an iron altar of Okawaru.
   494 | D        | Found a bloodstained altar of Trog.
   494 | D        | Found an ornate altar of the Wu Jian Council.
   497 | D        | Reached * piety under Vehumet
   497 | D        | Offered knowledge of Shock by Vehumet.
   497 | D        | Reached skill level 15 in Spellcasting
   545 | D        | Found a basalt altar of Yredelemnul.
   545 | D        | Found a shadowy altar of Dithmenos.
   545 | D        | Found a sacrificial altar of Ru.
   571 | D        | Reached XP level 8. HP: 41/41 MP: 23/29
   613 | D        | Offered knowledge of Sandblast by Vehumet.
   613 | D        | Reached ** piety under Vehumet
   760 | D        | Found a blossoming altar of Fedhas.
   760 | D        | Found a stormy altar of Qazlal.
   760 | D        | Found a snail-covered altar of Cheibriados.
   760 | D        | Found a burning altar of Makhleb.
   760 | D        | Found a shimmering altar of Xom.
   761 | D        | Found a hazy altar of Hepliaklqana.
   761 | D        | Found an opulent altar of Gozag.
   761 | D        | Found a sparkling altar of Nemelex Xobeh.
   761 | D        | Found a corrupted altar of Lugonu.
   761 | D        | Found a viscous altar of Jiyva.
   766 | D        | Reached skill level 16 in Spellcasting
   844 | D        | Offered knowledge of Stone Arrow by Vehumet.
   846 | D        | Reached *** piety under Vehumet
   939 | D        | Noticed a two-headed ogre
   944 | D        | Killed a two-headed ogre
   944 | D        | Offered knowledge of Static Discharge by Vehumet.
   944 | D        | Reached skill level 17 in Spellcasting
   973 | D        | Killed a yaktaur
   997 | D        | Noticed a two-headed ogre
   997 | D        | Noticed Erolcha
  1000 | D        | Killed Erolcha
  1000 | D        | Reached skill level 18 in Spellcasting
  1000 | D        | Reached skill level 15 in Fire Magic
  1000 | D        | Reached XP level 9. HP: 45/45 MP: 19/33
  1003 | D        | Killed a two-headed ogre
  1003 | D        | Reached **** piety under Vehumet
  1003 | D        | Offered knowledge of Muse Oam's Air Blast by Vehumet.
  1105 | D        | Learned a level 4 spell: Muse Oam's Air Blast
  1105 | D        | Found Tukifecw's Jewellery Boutique.
  1109 | D        | Reached ***** piety under Vehumet
  1110 | D        | Offered knowledge of Starburst by Vehumet.
  1110 | D        | Reached skill level 19 in Spellcasting
  1112 | D        | Noticed an orc high priest
  1116 | D        | Killed an orc high priest
  1118 | D        | Reached ****** piety under Vehumet
  1118 | D        | Offered knowledge of Force Lasso by Vehumet.
  1122 | D        | Reached XP level 10. HP: 50/50 MP: 18/35
  1183 | D        | Bought an uncursed amulet of reflection for 412 gold pieces
  1221 | D        | Bought an uncursed ring of intelligence for 412 gold pieces
  1239 | D        | Noticed a deep elf mage
  1239 | D        | Noticed a deep elf mage
  1239 | D        | Noticed a deep elf knight
  1239 | D        | Noticed a deep elf mage
  1239 | D        | Noticed a deep elf mage
  1253 | D        | Killed a deep elf mage
  1253 | D        | Reached skill level 20 in Spellcasting
  1253 | D        | Killed a deep elf mage
  1253 | D        | Killed a deep elf mage
  1254 | D        | Killed a deep elf knight
  1254 | D        | Reached skill level 21 in Spellcasting
  1254 | D        | Killed a deep elf mage
  1254 | D        | Offered knowledge of Ozocubu's Refrigeration by Vehumet.
  1376 | D        | Noticed a deep elf demonologist
  1378 | D        | Killed a deep elf demonologist
  1380 | D        | Noticed a deep elf blademaster
  1381 | D        | Identified the +7 staff of Harmony {menace, earth; AC+5
                  | Str+4}
  1381 | D        | Noticed a deep elf death mage
  1382 | D        | Noticed a deep elf annihilator
  1385 | D        | Killed a deep elf death mage
  1385 | D        | Reached skill level 22 in Spellcasting
  1385 | D        | Reached XP level 11. HP: 54/54 MP: 22/39
  1393 | D        | Noticed a deep elf death mage
  1396 | D        | Killed a deep elf death mage
  1396 | D        | Killed a deep elf blademaster
  1401 | D        | Reached skill level 23 in Spellcasting
  1403 | D        | Noticed a deep elf annihilator
  1408 | D        | Killed a deep elf annihilator
  1616 | D        | Killed from afar by a deep elf annihilator

Levels and vault maps discovered:
D:        dungeon_sprint_mu [sprint_mu_entry_forest, sprint_mu_temple_rooms,
          sprint_mu_d1_spiders, sprint_mu_d2_genie, sprint_mu_d3_branching,
          sprint_mu_orc_legion, sprint_mu_elf_gauntlet, sprint_mu_hive_nellie,
          sprint_mu_lair_fedhas, sprint_mu_vaults_butterflies,
          sprint_mu_slime_circle, sprint_mu_swamp_cave, sprint_mu_shoals_kraken,
          sprint_mu_blade_basic, sprint_mu_crypt_fortress,
          sprint_mu_tomb_spiral, sprint_mu_vestibule_basic,
          sprint_mu_gehenna_hellfire, sprint_mu_dis_giant,
          sprint_mu_tartarus_statrot, sprint_mu_cocytus_islands, sprint_mu_zot1]

Skill      XL: |  1  2  3  4  5  6  7  8  9 10 11 |
---------------+----------------------------------+-----
Spellcasting   | 5 7 9 14 15 18 19 22 23 | 23.3
Fire Magic     | 5 6 8 12 13 15 17 19 20 | 20.4
Dodging        | |  2.4
Stealth        | |  2.4

Action                   |  1- 3 |  4- 6 |  7- 9 | 10-12 || total
-------------------------+-------+-------+-------+-------++-------
 Cast: Foxfire           |    18 |       |       |       ||    18
       Conjure Flame     |       |     5 |    11 |     2 ||    18
       Searing Ray       |       |     2 |       |       ||     2
       Fireball          |       |     3 |    29 |    23 ||    55
       Sticky Flame      |       |       |     3 |       ||     3
       Muse Oam's Air Bl |       |       |       |     1 ||     1
  Use: Potion            |       |     1 |       |       ||     1
  Eat: Chunk             |       |       |     2 |       ||     2
Armor: Robe              |     1 |       |       |       ||     1
Dodge: Dodged            |     4 |     1 |     1 |       ||     6
Block: Other             |       |       |     2 |     1 ||     3
       Reflection        |       |       |       |     1 ||     1
